MLB
ARIZONA DIAMONDBACKS @ LOS ANGELES DODGERS
04/07/2044
 
TOP OF THE 1ST
Arizona Diamondbacks batting - Pitching for Los Angeles Dodgers : RHP Justin Scheithauer
Pitching: RHP Justin Scheithauer
Batting: LHB Eric Klasek 0-0: Ball
1-0: Foul Ball, location: 2F
1-1: Ball
2-1: SINGLE (Groundball, 4, EV 104.4 MPH)
Batting: RHB David Price Jr. 0-0: Foul Ball, location: 2F
0-1: Foul Ball, location: 2F
0-2: Ball
1-2: Ball
2-2: Foul Ball, location: 2F
2-2: Foul Ball, location: 2F
2-2: Fly out, F6 (Popup, 4MD, EV 41.2 MPH)
Batting: SHB Alec Thorpe 0-0: SINGLE (Line Drive, 4MD, EV 97.5 MPH)
Eric Klasek to second
Batting: LHB Danny Dunham 0-0: Ball
1-0: Ball
2-0: Ball
3-0: Base on Balls
Eric Klasek to third
Alec Thorpe to second
Batting: SHB Perry Tuckfard 0-0: Fly out, F7 (Flyball, 78D, EV 86.2 MPH)
Runner from 3rd tags up, OUT at HOME! 7-2
Top of the 1st over - 0 runs, 2 hits, 0 errors, 2 left on base; Arizona 0 - Los Angeles 0
BOTTOM OF THE 1ST
Los Angeles Dodgers batting - Pitching for Arizona Diamondbacks : RHP Tong-myeon Moon
Pitching: RHP Tong-myeon Moon
Batting: RHB Jorge Severiano 0-0: Ground out 4-3 (Groundball, 4S, EV 86.2 MPH)
Batting: LHB Chris Ringwood 0-0: Ball
1-0: Ball
2-0: DOUBLE (Flyball, 78D, EV 97.5 MPH)
Batting: LHB Bob Branham 0-0: Called Strike
0-1: Foul Ball, location: 2F
0-2: Ball
1-2: Strikes out swinging
Batting: LHB Lirak Bazhunaishvili 0-0: Ball
1-0: Swinging Strike
1-1: Swinging Strike
1-2: Strikes out looking
Bottom of the 1st over - 0 runs, 1 hit, 0 errors, 1 left on base; Arizona 0 - Los Angeles 0
TOP OF THE 2ND
Arizona Diamondbacks batting - Pitching for Los Angeles Dodgers : RHP Justin Scheithauer
Batting: RHB Blake Ballard 0-0: Called Strike
0-1: Ball
1-1: Ball
2-1: Foul Ball, location: 2F
2-2: Strikes out swinging
Batting: RHB Mario Soto 0-0: Fly out, F4 (Popup, 4MD, EV 63.8 MPH)
Batting: LHB Kyle Beaulieu 0-0: Called Strike
0-1: SINGLE (Groundball, 34D, EV 108.8 MPH)
Batting: SHB Troy McClure 0-0: Swinging Strike
0-1: Foul Ball, location: 2F
0-2: Ball
Kyle Beaulieu is caught stealing 2nd base 2-6
Top of the 2nd over - 0 runs, 1 hit, 0 errors, 0 left on base; Arizona 0 - Los Angeles 0
BOTTOM OF THE 2ND
Los Angeles Dodgers batting - Pitching for Arizona Diamondbacks : RHP Tong-myeon Moon
Batting: RHB Clay Buchanan 0-0: Foul Ball, location: 2F
0-1: DOUBLE (Line Drive, 89XD, EV 98.1 MPH)
Batting: LHB Ryan Taylor 0-0: Ball
1-0: Called Strike
1-1: Ball
2-1: Fly out, F2 (Popup, 2LF, EV 92.5 MPH)
Batting: RHB Tsutomu Irie 0-0: Ball
1-0: Called Strike
1-1: Called Strike
1-2: Strikes out swinging
Batting: RHB Ben Mischnick 0-0: Called Strike
0-1: Ball
1-1: Ball
2-1: Ball
3-1: Base on Balls
Batting: RHB Edwin Soto 0-0: Ball
1-0: 3-RUN HOME RUN (Flyball, 7LD, EV 98.1 MPH), Distance : 354 ft
Batting: RHB Jorge Severiano 0-0: Foul Ball, location: 2F
0-1: Ground out 6-3 (Groundball, 6, EV 86.2 MPH)
Bottom of the 2nd over - 3 runs, 2 hits, 0 errors, 0 left on base; Arizona 0 - Los Angeles 3
TOP OF THE 3RD
Arizona Diamondbacks batting - Pitching for Los Angeles Dodgers : RHP Justin Scheithauer
Batting: SHB Troy McClure 0-0: Ball
1-0: Ball
2-0: Foul Ball, location: 2F
2-1: Ball
3-1: Foul Ball, location: 2F
3-2: SINGLE (Groundball, 6S, EV 66.9 MPH) (infield hit)
Batting: LHB Eric Klasek 0-0: Fielders Choice at 2nd, 4-6 (Groundball, 4, EV 81.9 MPH)
Batting: RHB David Price Jr. Pickoff Throw to First - Error! E1
Eric Klasek to second
0-0: Ball
1-0: Ball
Wild Pitch!
Eric Klasek to third
2-0: Called Strike
2-1: Swinging Strike
2-2: 2-RUN HOME RUN (Flyball, 7D, EV 97.5 MPH), Distance : 380 ft
Batting: SHB Alec Thorpe 0-0: Ball
1-0: Called Strike
1-1: Swinging Strike
1-2: Ball
2-2: Ball
3-2: Strikes out swinging
Batting: LHB Danny Dunham 0-0: Foul Ball, location: 2F
0-1: Called Strike
0-2: Ground out 5-3 (Groundball, 56, EV 86.9 MPH)
Top of the 3rd over - 2 runs, 2 hits, 1 error, 0 left on base; Arizona 2 - Los Angeles 3
BOTTOM OF THE 3RD
Los Angeles Dodgers batting - Pitching for Arizona Diamondbacks : RHP Tong-myeon Moon
Batting: LHB Chris Ringwood 0-0: Ball
1-0: Ball
2-0: Called Strike
2-1: Ground out 6-3 (Groundball, 4MD, EV 102.5 MPH)
Batting: LHB Bob Branham 0-0: Foul Ball, location: 2F
0-1: Fly out, F8 (Flyball, 8LM, EV 93.1 MPH)
Batting: LHB Lirak Bazhunaishvili 0-0: Foul Ball, location: 2F
0-1: Foul Ball, location: 2F
0-2: Foul Ball, location: 2F
0-2: Ball
1-2: Fly out, F7 (Line Drive, 78M, EV 110.0 MPH)
Bottom of the 3rd over - 0 runs, 0 hits, 0 errors, 0 left on base; Arizona 2 - Los Angeles 3
TOP OF THE 4TH
Arizona Diamondbacks batting - Pitching for Los Angeles Dodgers : RHP Justin Scheithauer
Batting: SHB Perry Tuckfard 0-0: Ball
1-0: Swinging Strike
1-1: Foul Ball, location: 2F
1-2: Ball
2-2: Ground out 4-3 (Groundball, 4, EV 78.8 MPH)
Batting: RHB Blake Ballard 0-0: SOLO HOME RUN (Flyball, 9D, EV 98.8 MPH), Distance : 367 ft
Batting: RHB Mario Soto 0-0: Called Strike
0-1: Ball
1-1: Ball
2-1: Foul Ball, location: 2F
2-2: Strikes out swinging
Batting: LHB Kyle Beaulieu 0-0: Ball
1-0: Ball
2-0: Called Strike
2-1: Ball
3-1: Ground out U3 (Groundball, 3, EV 82.5 MPH)
Top of the 4th over - 1 run, 1 hit, 0 errors, 0 left on base; Arizona 3 - Los Angeles 3
BOTTOM OF THE 4TH
Los Angeles Dodgers batting - Pitching for Arizona Diamondbacks : RHP Tong-myeon Moon
Batting: RHB Clay Buchanan 0-0: Ball
1-0: Ball
2-0: Ball
3-0: Called Strike
3-1: Fly out, F4 (Popup, 34S, EV 76.9 MPH)
Batting: LHB Ryan Taylor 0-0: SINGLE (Groundball, 4D, EV 101.9 MPH)
Batting: RHB Tsutomu Irie 0-0: Ball
1-0: Foul Ball, location: 2F
1-1: Called Strike
1-2: Ball
2-2: Ball
3-2: Fly out, F8 (Flyball, 89M, EV 96.9 MPH)
Batting: RHB Ben Mischnick 0-0: Ball
1-0: Ball
2-0: SINGLE (Groundball, 4MD, EV 105.6 MPH)
Ryan Taylor to second
Runner from 2nd tries for 3rd, SAFE, no throw by CF
Batting: RHB Edwin Soto 0-0: Fielders Choice at 2nd, 5-4 (Groundball, 56, EV 98.8 MPH)
Bottom of the 4th over - 0 runs, 2 hits, 0 errors, 2 left on base; Arizona 3 - Los Angeles 3
TOP OF THE 5TH
Arizona Diamondbacks batting - Pitching for Los Angeles Dodgers : RHP Justin Scheithauer
Batting: SHB Troy McClure 0-0: Ball
1-0: Called Strike
1-1: Foul Ball, location: 2F
1-2: Strikes out swinging
Batting: LHB Eric Klasek 0-0: Swinging Strike
0-1: SINGLE (Line Drive, 9S, EV 89.4 MPH)
Batting: RHB David Price Jr. 0-0: Ball
1-0: Ball
2-0: Foul Ball, location: 2F
2-1: Foul Ball, location: 2F
2-2: Fly out, F9 (Flyball, 89M, EV 73.8 MPH)
Batting: SHB Alec Thorpe 0-0: Ball
Eric Klasek steals 2nd base (no throw)
1-0: Ball
2-0: Swinging Strike
2-1: DOUBLE (Line Drive, 7LS, EV 106.2 MPH)
Eric Klasek scores
Batting: LHB Danny Dunham 0-0: Ball
1-0: Swinging Strike
1-1: Foul Ball, location: 2F
1-2: Ball
2-2: SINGLE (Groundball, 5D, EV 100.6 MPH)
Alec Thorpe to third
Runner from 3rd tries for Home, SAFE, throw by LF to home
Danny Dunham to second
Pitching: RHP Taylor Drews
Batting: SHB Perry Tuckfard 0-0: Foul Ball, location: 2F
0-1: Fly out, F7 (Flyball, 7, EV 94.4 MPH)
Top of the 5th over - 2 runs, 3 hits, 0 errors, 1 left on base; Arizona 5 - Los Angeles 3
BOTTOM OF THE 5TH
Los Angeles Dodgers batting - Pitching for Arizona Diamondbacks : RHP Tong-myeon Moon
Batting: RHB Jorge Severiano 0-0: Ball
1-0: Ball
2-0: Ball
3-0: Base on Balls
Batting: LHB Chris Ringwood 0-0: Foul Ball, location: 2F
0-1: Ball
1-1: Ball
2-1: Ball
Jorge Severiano steals 2nd base
3-1: Swinging Strike
3-2: Strikes out swinging
Batting: LHB Bob Branham 0-0: Ball
1-0: Foul Ball, location: 2F
1-1: Foul Ball, location: 2F
1-2: SINGLE (Line Drive, 9S, EV 98.1 MPH)
Jorge Severiano to third
Runner from 3rd tries for Home, SAFE, throw by RF to home
Batting: LHB Lirak Bazhunaishvili 0-0: 2-RUN HOME RUN (Flyball, 8LXD, EV 105.6 MPH), Distance : 433 ft
Pitching: RHP Sean Hartgrove
Batting: RHB Clay Buchanan 0-0: Ball
1-0: Called Strike
1-1: Fly out, F9 (Flyball, 89XD, EV 105.0 MPH)
Batting: LHB Ryan Taylor 0-0: Called Strike
0-1: Foul Ball, location: 2F
0-2: Strikes out swinging
Bottom of the 5th over - 3 runs, 2 hits, 0 errors, 0 left on base; Arizona 5 - Los Angeles 6
TOP OF THE 6TH
Arizona Diamondbacks batting - Pitching for Los Angeles Dodgers : RHP Taylor Drews
Batting: RHB Blake Ballard 0-0: Called Strike
0-1: Fly out, F8 (Flyball, 8RM, EV 78.1 MPH)
Batting: RHB Mario Soto 0-0: Called Strike
0-1: Called Strike
0-2: Foul Ball, location: 2F
0-2: Ball
1-2: Ball
2-2: Fly out, F8 (Flyball, 8RM, EV 86.9 MPH)
Batting: LHB Kyle Beaulieu 0-0: Called Strike
0-1: Foul Ball, location: 2F
0-2: Strikes out swinging
Top of the 6th over - 0 runs, 0 hits, 0 errors, 0 left on base; Arizona 5 - Los Angeles 6
BOTTOM OF THE 6TH
Los Angeles Dodgers batting - Pitching for Arizona Diamondbacks : RHP Sean Hartgrove
Batting: RHB Tsutomu Irie 0-0: Swinging Strike
0-1: Ball
1-1: SINGLE (Groundball, 56D, EV 100.0 MPH)
Batting: RHB Ben Mischnick 0-0: Ball
1-0: Foul Ball, location: 2F
1-1: Ball
2-1: Foul Ball, location: 2F
2-2: Strikes out swinging
Batting: RHB Edwin Soto 0-0: Ball
1-0: Foul Ball, location: 2F
1-1: Foul Ball, location: 2F
1-2: Ball
2-2: Foul Ball, location: 2F
2-2: Strikes out looking
Batting: RHB Jorge Severiano 0-0: Foul Ball, location: 2F
0-1: Ball
1-1: Foul Ball, location: 2F
1-2: Fly out, F6 (Flyball, 6D, EV 81.9 MPH)
Bottom of the 6th over - 0 runs, 1 hit, 0 errors, 1 left on base; Arizona 5 - Los Angeles 6
TOP OF THE 7TH
Arizona Diamondbacks batting - Pitching for Los Angeles Dodgers : RHP Taylor Drews
Batting: SHB Troy McClure 0-0: Ball
1-0: Called Strike
1-1: Called Strike
1-2: SINGLE (Groundball, 34D, EV 101.2 MPH)
Batting: LHB Eric Klasek 0-0: Ball
1-0: Sac Bunt to 15 - play at first, batter OUT! 1-4
Troy McClure to second
Batting: RHB David Price Jr. 0-0: Called Strike
0-1: Ball
1-1: SINGLE (Groundball, 6MD, EV 103.8 MPH)
Troy McClure to third
Runner from 3rd tries for Home, throw by CF and OUT! 8-2
Batting: SHB Alec Thorpe 0-0: Ball
1-0: Foul Ball, location: 2F
1-1: Ball
2-1: Ball
David Price Jr. steals 2nd base (no throw)
3-1: Called Strike
3-2: SINGLE (Groundball, 6MD, EV 104.4 MPH)
David Price Jr. to third
Runner from 3rd tries for Home, SAFE, throw by CF to home
Batting: LHB Danny Dunham 0-0: Ball
1-0: Swinging Strike
1-1: Ball
2-1: Ball
3-1: Foul Ball, location: 2F
3-2: Foul Ball, location: 2F
3-2: Foul Ball, location: 2F
3-2: Foul Ball, location: 2F
3-2: Strikes out swinging
Top of the 7th over - 1 run, 3 hits, 0 errors, 1 left on base; Arizona 6 - Los Angeles 6
BOTTOM OF THE 7TH
Los Angeles Dodgers batting - Pitching for Arizona Diamondbacks : RHP Sean Hartgrove
Pitching: LHP Jose Rodriguez
Batting: LHB Chris Ringwood 0-0: Ball
1-0: Called Strike
1-1: Ball
2-1: Ball
3-1: Called Strike
3-2: Base on Balls
Batting: LHB Bob Branham 0-0: Ball
1-0: Ball
2-0: Fielders Choice at 2nd, 1-6 (Groundball, 34S, EV 61.9 MPH)
Batting: LHB Lirak Bazhunaishvili 0-0: Called Strike
0-1: Swinging Strike
0-2: Ball
1-2: Fly out, F6 (Flyball, 56D, EV 89.4 MPH)
Pitching: RHP Willie Nieto
Batting: RHB Clay Buchanan 0-0: Ball
1-0: SINGLE (Groundball, 56D, EV 105.0 MPH)
Bob Branham to second
Batting: LHB Ryan Taylor 0-0: Called Strike
0-1: Ball
1-1: Ball
2-1: Ball
3-1: DOUBLE (Groundball, 5D, EV 105.6 MPH)
Bob Branham scores
Clay Buchanan to third
Runner from 3rd tries for Home, SAFE, throw by LF to home
Pitching: RHP Nick Burcham
Batting: RHB Tsutomu Irie 0-0: Called Strike
0-1: Ball
1-1: Called Strike
1-2: Fly out, F8 (Flyball, 89D, EV 98.1 MPH)
Bottom of the 7th over - 2 runs, 2 hits, 0 errors, 1 left on base; Arizona 6 - Los Angeles 8
TOP OF THE 8TH
Arizona Diamondbacks batting - Pitching for Los Angeles Dodgers : RHP Taylor Drews
Pitching: LHP Gabe Reyes
Batting: SHB Perry Tuckfard 0-0: Ball
1-0: Foul Ball, location: 2F
1-1: SOLO HOME RUN (Flyball, 9D, EV 103.1 MPH), Distance : 387 ft
Batting: RHB Blake Ballard 0-0: Ball
1-0: Ball
2-0: Called Strike
2-1: Foul Ball, location: 2F
2-2: Ground out U3 (Groundball, 3L, EV 85.0 MPH)
Batting: RHB Mario Soto 0-0: Ball
1-0: Called Strike
1-1: Ground out 6-3 (Groundball, 6, EV 86.2 MPH)
Pinch Hitting: RHB Shiro Suehiro 0-0: SOLO HOME RUN (Flyball, 8LXD, EV 110.6 MPH), Distance : 457 ft
Batting: SHB Troy McClure 0-0: Called Strike
0-1: Ball
1-1: Foul Ball, location: 2F
1-2: Ball
2-2: Foul Ball, location: 2F
2-2: Foul Ball, location: 2F
2-2: Ground out 3-1 (Groundball, 34S, EV 84.4 MPH)
Top of the 8th over - 2 runs, 2 hits, 0 errors, 0 left on base; Arizona 8 - Los Angeles 8
BOTTOM OF THE 8TH
Los Angeles Dodgers batting - Pitching for Arizona Diamondbacks : RHP Nick Burcham
Pitching: RHP Larry Mathieu
Now at 2B: Jon Solano
Batting: RHB Ben Mischnick 0-0: Called Strike
0-1: Ball
1-1: Swinging Strike
1-2: Ball
2-2: Ball
3-2: Strikes out looking
Batting: RHB Edwin Soto 0-0: SINGLE (Groundball, 56, EV 104.4 MPH) (infield hit)
Pitching: RHP Andrew Coker
Batting: RHB Jorge Severiano 0-0: Ball
1-0: Ball
2-0: Foul Ball, location: 2F
2-1: Foul Ball, location: 2F
2-2: Ball
3-2: Foul Ball, location: 2F
3-2: Grounds into double play, 6-4-3 (Groundball, 6, EV 95.6 MPH)
Bottom of the 8th over - 0 runs, 1 hit, 0 errors, 0 left on base; Arizona 8 - Los Angeles 8
TOP OF THE 9TH
Arizona Diamondbacks batting - Pitching for Los Angeles Dodgers : LHP Gabe Reyes
Pitching: RHP Chut-sai Teoh
Batting: LHB Eric Klasek 0-0: Ball
1-0: Ball
2-0: Ball
3-0: Called Strike
3-1: Fly out, F8 (Flyball, 8RXD, EV 108.1 MPH)
Batting: RHB David Price Jr. 0-0: Ball
1-0: Swinging Strike
1-1: Fly out, F7 (Flyball, 78D, EV 96.2 MPH)
Batting: SHB Alec Thorpe 0-0: Ball
1-0: Ball
2-0: Called Strike
2-1: Called Strike
2-2: Ball
3-2: Strikes out swinging
Top of the 9th over - 0 runs, 0 hits, 0 errors, 0 left on base; Arizona 8 - Los Angeles 8
BOTTOM OF THE 9TH
Los Angeles Dodgers batting - Pitching for Arizona Diamondbacks : RHP Andrew Coker
Batting: LHB Chris Ringwood 0-0: Foul Ball, location: 2F
0-1: SINGLE (Flyball, 89S, EV 85.6 MPH)
Batting: LHB Bob Branham 0-0: Ball
1-0: Called Strike
1-1: Ball
Chris Ringwood is caught stealing 2nd base 2-6
2-1: Foul Ball, location: 2F
2-2: Fly out, F7 (Flyball, 7, EV 90.6 MPH)
Batting: LHB Lirak Bazhunaishvili 0-0: Ball
1-0: Ground out U3 (Groundball, 34, EV 106.2 MPH)
Bottom of the 9th over - 0 runs, 1 hit, 0 errors, 0 left on base; Arizona 8 - Los Angeles 8
TOP OF THE 10TH
Arizona Diamondbacks batting - Pitching for Los Angeles Dodgers : RHP Chut-sai Teoh
Batting: LHB Danny Dunham 0-0: Ball
1-0: Called Strike
1-1: Foul Ball, location: 2F
1-2: Ball
2-2: Foul Ball, location: 2F
2-2: Ground out U3 (Groundball, 34S, EV 84.4 MPH)
Batting: SHB Perry Tuckfard 0-0: Ball
1-0: Ball
2-0: Fly out, F9 (Flyball, 9, EV 87.5 MPH)
Batting: RHB Blake Ballard 0-0: Ball
1-0: Foul Ball, location: 2F
1-1: Ball
2-1: Ball
3-1: SINGLE (Groundball, 34D, EV 101.9 MPH)
Batting: SHB Valentin Laporte 0-0: Ball
1-0: Ball
2-0: Called Strike
2-1: Swinging Strike
2-2: Fielders Choice at 2nd, 6-4 (Groundball, 6, EV 86.2 MPH)
Top of the 10th over - 0 runs, 1 hit, 0 errors, 1 left on base; Arizona 8 - Los Angeles 8
BOTTOM OF THE 10TH
Los Angeles Dodgers batting - Pitching for Arizona Diamondbacks : RHP Andrew Coker
Batting: RHB Clay Buchanan 0-0: Ball
1-0: Called Strike
1-1: SOLO HOME RUN (Flyball, 7D, EV 99.4 MPH), Distance : 366 ft
Bottom of the 10th over - 1 run, 1 hit, 0 errors, 0 left on base; Arizona 8 - Los Angeles 9
Game Over ... Los Angeles defeats Arizona, 9 to 8
Thursday, March 31st , 2022 - OOTP Baseball 22.12 Build 89